Map: Dusk Towers

Players

MorN

  • Race: Terran Terran
  • League: Master

BumbleBaby - Winner!

  • Race: Terran Terran
  • League: Master

VOD

Have the link to the VOD?

Description

Time

  • Played on: Dec. 7, 2015, 2:51 a.m.
  • Length: 12:03
Show
View Real Time Build Order
Export as new Build Order

MorN Terran 

Build Orders: 1/1/1, MMM Bio, Banshee Rush 

Get SALT Encoding   

  12  0:00  SCV  
  13  0:12  SCV  
  14  0:17  Supply Depot  
  14  0:25  SCV  
  14  0:27  Refinery  
  15  0:42  Barracks  
  15  0:47  SCV  
  16  0:54  Refinery  
  16  0:59  SCV  
  17  1:11  SCV  
  18  1:31  Factory  
  18  1:32  Orbital Command  
  18  1:34  Reaper  
  19  1:43  Supply Depot  
  19  1:58  SCV  
  20  2:06  Reaper  
  21  2:10  SCV  
  22  2:16  Starport  
  22  2:18  Hellion  
  22  2:22  SCV  
  25  2:34  SCV  
  25  2:35  Supply Depot  
  26  2:41  Barracks Tech Lab  
  26  2:44  Hellion  
  28  2:50  SCV  
  29  3:06  Hellion  
  30  3:30  Banshee, Cloaking Field, Hellion  
  34  3:35  SCV  
  34  3:36  Barracks Reactor  
  35  3:43  Command Center  
  35  3:50  SCV  
  35  3:53  Factory Tech Lab  
  36  3:57  Engineering Bay  
  36  4:02  SCV  
  37  4:12  Supply Depot  
  37  4:13  Raven  
  39  4:23  Terran Infantry Weapons Level 1  
  39  4:25  Stimpack  
  39  4:27  Factory Tech Lab  
  39  4:33  Marine  
  39  4:34  SCV  
  41  4:46  SCV  
  41  4:50  Missile Turret  
  40  5:02  Marine  
  40  5:06  SCV  
  38  5:18  Barracks  
  38  5:19  Barracks, Marine  
  39  5:22  Siege Tank  
  39  5:23  SCV  
  39  5:26  Starport Reactor  
  43  5:35  SCV  
  43  5:37  Marine  
  42  5:45  Orbital Command  
  42  5:47  SCV, Missile Turret  
  43  5:55  Marine  
  44  5:59  SCV  
  45  6:11  SCV  
  45  6:12  SCV  
  45  6:13  Medivac x2  
  45  6:14  Marine x3  
  45  6:15  Marine  
  55  6:23  SCV  
  55  6:24  SCV, Siege Tank  
  60  6:33  Armory  
  60  6:35  Marine  
  60  6:38  Marine  
  62  6:40  Supply Depot  
  62  6:42  Combat Shields  
  62  6:58  Supply Depot  
  62  7:00  Refinery  
  62  7:01  SCV x2, Marine x2  
  62  7:02  Starport Reactor  
  62  7:07  Siege Tank  
  70  7:08  Marine  
  70  7:19  SCV, Marine  
  70  7:21  Marine x2  
  74  7:27  Marine x2  
  74  7:28  SCV  
  77  7:30  Supply Depot  
  68  7:48  Marine x2  
  68  7:49  Marine x3  
  66  7:52  Medivac  
  68  8:06  Marine x3  
  68  8:08  Terran Infantry Weapons Level 2  
  68  8:12  Barracks x2  
  71  8:15  Command Center  
  55  8:21  Marine x2  
  55  8:23  Marine  
  55  8:25  Siege Tank  
  55  8:26  SCV  
  62  8:28  Marine  
  62  8:33  Marine  
  64  8:34  Viking  
  64  8:35  Viking  
  64  8:39  Marine  
  68  8:46  Engineering Bay  
  68  8:48  Marine x2  
  70  8:52  Marine x2  
  72  8:57  Marine  
  70  9:20  Viking  
  70  9:21  Viking, Marine x2  
  75  9:26  Marine  
  75  9:28  Marine x2  
  75  9:29  Marauder, Orbital Command  
  75  9:31  Marine  
  77  9:39  Marine x2  
  77  9:44  Marine  
  71  9:46  Marine x2  
  71  9:51  Marauder  
  74  9:56  Marine  
  64  10:02  SCV  
  64  10:03  SCV, Marine  
  64  10:04  Marine x2  
  64  10:05  Barracks Reactor  
  64  10:06  Barracks Reactor  
  66  10:12  SCV, Marauder  
  68  10:15  SCV x2  
  68  10:16  Medivac x2  
  74  10:24  SCV  
  75  10:30  Marine  
  69  10:38  Marine x4  
  69  10:39  Siege Tank  
  68  10:46  Medivac  
  68  10:48  Marine x4  
  68  10:49  Marine  
  72  10:53  SCV x2  
  74  11:01  SCV  
  75  11:05  SCV  
  75  11:06  Marine x4  
  75  11:07  Marine  
  77  11:30  Marine  
  78  11:32  Command Center  
Show
View Real Time Build Order
Export as new Build Order

BumbleBaby Terran - Winner!

Build Orders: 1/1/1, MMM Bio 

Get SALT Encoding   

  12  0:01  SCV  
  13  0:13  SCV  
  14  0:20  Supply Depot  
  14  0:25  SCV  
  15  0:30  Refinery  
  15  0:42  SCV  
  16  0:49  Barracks  
  16  0:55  SCV  
  17  1:07  SCV  
  18  1:19  SCV  
  19  1:35  Orbital Command  
  19  1:40  Factory, Marine  
  20  1:47  Supply Depot  
  20  1:56  Refinery  
  20  1:58  Marine  
  21  2:02  SCV  
  22  2:16  Supply Depot, Marine  
  22  2:17  SCV  
  24  2:27  Factory Reactor  
  24  2:28  Factory Tech Lab, Starport  
  24  2:34  SCV  
  24  2:46  Marine  
  24  2:50  SCV  
  26  2:55  Hellion  
  26  2:58  Bunker  
  28  3:10  SCV  
  29  3:19  Marine  
  29  3:20  Banshee  
  29  3:22  SCV  
  36  3:34  SCV  
  36  3:36  Factory Tech Lab  
  36  3:38  Factory Reactor, Marine  
  37  3:50  Command Center  
  37  3:55  Engineering Bay  
  36  4:03  Viking  
  36  4:06  SCV  
  39  4:22  Missile Turret  
  39  4:36  Barracks Tech Lab  
  39  4:43  Barracks  
  38  4:51  SCV  
  39  5:01  Raven, Widow Mine  
  43  5:08  SCV  
  43  5:12  Combat Shields, Marine  
  46  5:18  Orbital Command  
  46  5:20  Missile Turret  
  45  5:27  Supply Depot, Barracks  
  45  5:35  SCV  
  46  5:48  Marine  
  44  5:56  Viking x2  
  48  6:03  SCV x2  
  50  6:06  Marine  
  50  6:14  Liberator  
  50  6:15  SCV x2  
  50  6:16  Barracks Reactor x2  
  52  6:18  Siege Tank  
  55  6:27  SCV x2  
  55  6:31  Viking  
  62  6:34  Stimpack  
  62  6:44  Supply Depot  
  62  6:48  Supply Depot  
  62  6:52  Supply Depot  
  62  6:54  Supply Depot  
  62  6:57  SCV x2  
  62  6:59  Marine x4  
  62  7:00  Marine  
  69  7:06  Viking  
  71  7:09  SCV  
  71  7:14  Medivac  
  74  7:18  Marine x4  
  74  7:20  SCV  
  74  7:21  SCV  
  80  7:32  SCV  
  80  7:33  SCV  
  79  7:44  SCV  
  79  7:45  SCV  
  79  7:50  Marine x5  
  79  7:51  Siege Tank, Medivac  
  91  7:56  SCV  
  91  7:57  SCV  
  93  8:03  Liberator  
  93  8:06  Command Center  
  93  8:08  SCV, Marine x2  
  93  8:09  SCV  
  93  8:11  Barracks  
  97  8:16  Marine  
  97  8:17  Marine x2  
  98  8:20  SCV  
  98  8:25  Marine  
  101  8:28  SCV  
  101  8:31  Supply Depot x2  
  101  8:32  Supply Depot  
  102  8:45  SCV, Marine  
  102  8:52  Marine x4  
  102  8:53  SCV, Siege Tank  
  110  8:58  SCV  
  110  8:59  Liberator  
  111  9:15  Marine x3  
  111  9:16  Marine x2  
  113  9:31  SCV, Siege Tank  
  116  9:32  SCV x2  
  116  9:33  Marine x5  
  120  9:46  Terran Infantry Weapons Level 1  
  120  9:48  Engineering Bay  
  120  9:51  Marine x5  
  105  10:09  Viking x2, Marine x4  
  105  10:10  SCV x2  
  111  10:17  Barracks  
  111  10:19  Barracks x2, Orbital Command  
  110  10:21  Barracks  
  110  10:24  Refinery  
  110  10:25  Refinery  
  110  10:27  Refinery  
  103  10:44  SCV x3  
  103  10:49  Marine x3  
  107  10:50  Medivac, Siege Tank, Marine x2  
  107  10:53  Barracks Reactor  
  107  10:56  SCV  
  117  11:07  Marine x4  
  117  11:11  Marine x5  
  125  11:24  SCV x2  
  125  11:25  SCV, Marine x4  
  130  11:29  Marine x5  
  135  11:36  SCV  
  133  11:43  Marine x2  
  125  12:03  Refinery  
Tags
 
Composition
MMM BioMMM Bio
Matchup
TvT
Opening
1/1/11/1/1
Race
Terran
Replay Pack
MorN pack 2
Strategy
Banshee Rush
Add a new tag
Caveats
  • Supply blocks, unpowered buildings, or Contaminate may cause inaccurate times.
  • Supply counts are checked every 10 seconds.